 Dungeon Crawl Stone Soup version 0.29-a0-643-ga013cefcf8 (webtiles) character file.

Game seed: 901333991279583471

91000 YayAnonymity the Blocker (level 16, -3/124 (128) HPs)
             Began as a Gnoll Fighter on June 19, 2022.
             Was a High Priest of Okawaru.
             Slain by a dire elephant simulacrum (20 damage)
             ... on level 6 of the Lair of Beasts.
             The game lasted 00:56:39 (24238 turns).

YayAnonymity the Blocker (Gnoll Fighter)           Turns: 24238, Time: 00:56:40

HP:   -3/124 (128)  AC: 35    Str: 15    XL:     16   Next: 2%
MP:   30/30         EV:  1    Int:  9    God:    Okawaru [*****.]
Gold: 1683          SH:  0    Dex: 15    Spells: 36/36 levels left

rFire   + + .      SeeInvis .   a - +11 quarterstaff of Resourcefulness {drain, rElec rPois Dex-2 Stlth+}
rCold   + . .      Faith    .   (shield currently unavailable)
rNeg    . . .      Spirit   .   u - +0 crystal plate armour {rC+}
rPois   +          Reflect  .   H - +4 helmet of Distant Shores {rF+ Will+ Str-5}
rElec   +          Harm     .   A - +0 cloak
rCorr   .          Rampage  .   S - +1 pair of gloves {Dex+3}
Will    ++...                   (no boots)
Stlth   ..........              l - amulet of regeneration
HPRegen 1.10/turn               t - +4 ring of protection
MPRegen 0.22/turn               P - ring of protection from fire

@: constricted, lightly drained
A: fangs 1, strong nose, distributed training
a: Renounce Religion, Heroism, Finesse, Duel


You were on level 6 of the Lair of Beasts.
You worshipped Okawaru.
Okawaru was extremely pleased with you.
You visited 3 branches of the dungeon, and saw 22 of its levels.
You also visited: Sewer, Ice Cave and Volcano.

You collected 2026 gold pieces.
You spent 343 gold pieces at shops.

Inventory:

Hand Weapons
 a - the +11 quarterstaff of Resourcefulness (weapon) {drain, rElec rPois Dex-2 Stlth+}
   (You found it on level 8 of the Dungeon)

   A truly terrible weapon, it drains the life of any living foe it strikes.
   Dex:       It affects your dexterity (-2).
   rElec:     It insulates you from electricity.
   rPois:     It protects you from poison.
   Stlth:     It makes you more stealthy.
 b - a +4 triple crossbow of freezing
 B - the +7 halberd "Spiderbane" {spect, rElec Will+ Str+6 SInv}
   (Okawaru gifted it to you on level 14 of the Dungeon)

   When its wielder attacks, the weapon's spirit leaps out and strikes again.
   The spirit shares a part of any damage it takes with its wielder.
   Str:       It affects your strength (+6).
   rElec:     It insulates you from electricity.
   SInv:      It lets you see invisible.
   Will:      It increases your willpower.
 N - a +2 war axe of flaming
Missiles
 w - 31 poisoned darts (quivered)
 y - 6 javelins
 M - 3 silver boomerangs
 Q - 4 silver javelins
Armour
 c - a +2 buckler of reflection
 u - a +0 crystal plate armour of cold resistance (worn)
 A - a +0 cloak (worn)
 H - the +4 helmet of Distant Shores (worn) {rF+ Will+ Str-5}
   (Okawaru gifted it to you on level 11 of the Dungeon)

   Str:       It affects your strength (-5).
   rF:        It protects you from fire.
   Will:      It increases your willpower.
 S - a +1 pair of gloves of dexterity (worn)
Jewellery
 i - a ring of protection from cold
 l - an amulet of regeneration (around neck)
 t - a +4 ring of protection (left hand)
 E - a ring of flight
 P - a ring of protection from fire (right hand)
Wands
 f - a wand of mindburst (32)
 p - a wand of iceblast (39)
 q - a wand of flame (76)
 I - a wand of acid (14)
 V - a wand of digging (7)
Scrolls
 e - 6 scrolls of noise
 g - 10 scrolls of identify
 h - 5 scrolls of vulnerability
 j - 4 scrolls of fog
 o - 6 scrolls of teleportation
 r - 3 scrolls of poison
 x - 3 scrolls of fear
 C - a scroll of enchant armour
 D - 2 scrolls of silence
 J - 3 scrolls of magic mapping
 U - a scroll of blinking
Potions
 d - 4 potions of might
 k - 3 potions of heal wounds
 m - 11 potions of curing
 n - 3 potions of cancellation
 s - 6 potions of mutation
 v - 2 potions of brilliance
 z - 5 potions of haste
 F - 4 potions of lignification
 G - 4 potions of attraction
 L - 2 potions of ambrosia
 O - 3 potions of magic
 R - 2 potions of invisibility
 T - 2 potions of berserk rage
Miscellaneous
 K - a lightning rod (4/4)


   Skills:
 + Level 12.3 Fighting
 + Level 10.5 Short Blades
 + Level 10.5 Long Blades
 + Level 10.5 Axes
 + Level 10.5 Maces & Flails
 + Level 11.5 Polearms
 + Level 10.5 Staves
 + Level 10.5 Slings
 + Level 10.5 Bows
 + Level 10.5 Crossbows
 + Level 10.5 Throwing
 + Level 12.3 Armour
 + Level 10.5 Dodging
 + Level 10.5 Stealth
 + Level 12.3 Shields
 + Level 10.5 Unarmed Combat
 + Level 10.5 Spellcasting
 + Level 8.9 Conjurations
 + Level 8.9 Hexes
 + Level 8.9 Summonings
 + Level 8.9 Necromancy
 + Level 8.9 Translocations
 + Level 8.9 Transmutations
 + Level 8.9 Fire Magic
 + Level 8.9 Ice Magic
 + Level 8.9 Air Magic
 + Level 8.9 Earth Magic
 + Level 8.9 Poison Magic
 + Level 11.5 Invocations
 + Level 10.5 Evocations


You had 36 spell levels left.
You didn't know any spells.
Your spell library contained the following spells:

 Spells                   Type           Power      Damage    Failure   Level
 Apportation              Tloc           40%        N/A       67%         1
 Magic Dart               Conj           80%        1d7       67%         1
 Necrotize                Necr           80%        1d8       67%         1
 Slow                     Hex            80%        N/A       67%         1
 Ensorcelled Hibernation  Hex/Ice        40%        N/A       80%         2
 Passwall                 Tmut/Erth      16%        N/A       80%         2
 Poisonous Vapours        Pois/Air       40%        N/A       80%         2
 Searing Ray              Conj           40%        2d5       80%         2
 Static Discharge         Conj/Air       20%        N/A       80%         2
 Confusing Touch          Hex            20%        N/A       95%         3
 Dazzling Flash           Conj/Hex       40%        N/A       95%         3
 Swiftness                Air            20%        N/A       95%         3
 Vampiric Draining        Necr           20%        2d7       95%         3
 Airstrike                Air            10%        N/A       100%        4
 Anguish                  Hex/Necr       10%        N/A       100%        4
 Corpse Rot               Necr/Pois/Air  20%        N/A       100%        4
 Fulminant Prism          Conj/Hex       10%        3d9       100%        4
 Iskenderun's Mystic Bla  Conj/Tloc      20%        2d6       100%        4
 Alistair's Intoxication  Tmut/Pois      13%        N/A       100%        5
 Borgnjor's Vile Clutch   Necr/Erth      10%        N/A       100%        5
 Lightning Bolt           Conj/Air       10%        1d23      100%        5
 Silence                  Hex/Air        10%        N/A       100%        5
 Yara's Violent Unravell  Hex/Tmut       10%        3d6       100%        5
 Eringya's Noxious Bog    Tmut/Pois      10%        N/A       100%        6
 Starburst                Conj/Fire      10%        6d5       100%        6
 Enfeeble                 Hex            10%        N/A       100%        7
 Maxwell's Capacitive Co  Air            10%        ∞         100%        8
 Summon Small Mammal      Summ           Unusable   N/A       N/A         1
 Summon Lightning Spire   Summ/Air       Unusable   N/A       N/A         4

Dungeon Overview and Level Annotations

Branches:
Dungeon (15/15)            Temple (1/1) D:6            Lair (6/6) D:10
  Swamp (0/4) Lair:4       Spider (0/4) Lair:4        Slime (0/5) Lair:5
    Orc (0/2) D:12         Vaults (0/5) D:14         Depths (0/4) D:15
  Sewer (visited)           IceCv (visited)         Volcano (visited)

Altars:
Ashenzari
Cheibriados
Dithmenos
Elyvilon
Fedhas
Gozag
Hepliaklqana
Kikubaaqudgha
Makhleb
Nemelex Xobeh
Okawaru
Qazlal
Ru
Sif Muna
Trog
Uskayaw
Vehumet
Wu Jian
Xom
Yredelemnul
Zin
The Shining One
Jiyva

Shops:
D:1 (   D:3 *   D:5 [   D:6 *

Portals:
Trove: D:12 (give +4 shadow dragon scales)

Annotations:
D:11 1 runed translucent door, xianbchi's ghost, journeyman DrGl
Lair:6 exclusion: obsidian statue


Innate Abilities, Weirdness & Mutations

You have very sharp teeth.
Your uncanny sense of smell can sniff out nearby items.
Your experience applies equally to all skills.


Message History

The dire elephant tramples you.
* * * LOW HITPOINT WARNING * * *
You hold your ground!
The dire elephant trunk-slaps you.
* * * LOW HITPOINT WARNING * * *
Okay, then.
You feel much better.
The dire elephant tramples you but does no damage.
The dire elephant trunk-slaps you but does no damage.
You hit the dire elephant.
You bite the dire elephant, but do no damage.
The dire elephant is severely wounded.
The dire elephant tramples you but does no damage.
The dire elephant trunk-slaps you but does no damage.
The dire elephant simulacrum tramples you but does no damage.
The dire elephant simulacrum trunk-slaps you.
The dire elephant simulacrum freezes you!
You resist.
* * * LOW HITPOINT WARNING * * *
You hit the dire elephant but do no damage.
You drain the dire elephant.
The dire elephant is severely wounded.
The spectral anaconda grabs you.
The spectral anaconda bites you but does no damage.
The spectral anaconda constricts you.
You hit the dire elephant.
The dire elephant is almost dead.
The spectral anaconda bites you but does no damage.
The spectral anaconda constricts you.
The dire elephant tramples you but does no damage.
The dire elephant trunk-slaps you but does no damage.
The spectral anaconda bites you but does no damage.
The spectral anaconda constricts you.
The dire elephant simulacrum tramples you!
* * * LOW HITPOINT WARNING * * *
You are held in place!
The dire elephant simulacrum trunk-slaps you.
* * * LOW HITPOINT WARNING * * *
The dire elephant simulacrum freezes you!!
You resist.
You die...

###...##.#.##.≈≈≈##
##.......#.#.≈≈≈≈≈#
.........#.#≈≈≈≈≈≈#
.........#.##≈≈≈..
.........#..#≈..)#
.........##.####'##
.........♣#P..#8.8#
..........###.#ZYZ###
...........##.##@.#.##
...........♣#..#..'..##
...........♣##.#P.'.P.#
..........P♣ #.####...##
..........♣# #....'....#
.....<....######..'....#
.........♣#P..'.P8#....#
....##P..♣#...#####....#
##..###..##P..# #..P##


You could see a dire elephant (soul bound, very drained), a spectral anaconda
and a dire elephant simulacrum.

Vanquished Creatures
  A frost giant (IceCv)
  A dire elephant (Lair:6)
  Snorg (D:14)
  A fire dragon (Volcano)
  2 boulder beetles (D:14)
  A vault guard (D:14)
  5 hydras
  4 centaur warriors
  2 two-headed ogres
  A hell hog (Volcano)
  13 death yaks
  2 tengu warriors (D:14)
  A fire crab (Lair:6)
  Nergalle (Lair:2)
  2 spectral death yaks (Lair:6)
  A fire crab (shapeshifter) (D:13)
  Amaemon (Lair:2)
  A sixfirhy (D:13)
  An orc knight (D:13)
  2 wizards (D:15)
  3 deep elf pyromancers
  4 necromancers
  10 ugly things
  2 deep elf zephyrmancers (D:15)
  A cyclops (D:13)
  5 manticores
  Maurice (D:12)
  14 elephants
  A rust devil (D:13)
  2 smoke demons (D:13)
  An ice statue (IceCv)
  4 black mambas
  2 molten gargoyles (Volcano)
  18 cane toads
  4 gargoyles
  An unseen horror (D:12)
  An orange demon (Lair:2)
  Maggie (D:6)
  3 efreet
  2 kobold demonologists
  3 rime drakes
  7 komodo dragons
  A tengu conjurer (D:14)
  A freezing wraith (D:13)
  A centaur skeleton (D:15)
  2 hellwings (D:13)
  2 ice devils (D:13)
  19 polar bears
  3 red devils (D:13)
  Grinder (D:4)
  10 blink frogs
  4 trolls
  A hornet (D:8)
  Prince Ribbit (D:9)
  15 slime creatures
  A centaur simulacrum (D:15)
  6 wyverns
  3 shadows
  2 wraiths
  6 basilisks
  2 steam dragons
  45 yaks
  4 fire bats (Volcano)
  A chaos spawn (D:13)
  2 death yak simulacra (Lair:6)
  9 vampire mosquitoes
  3 wargs (D:12)
  2 hell hounds (Volcano)
  An acid dragon (D:11)
  25 water moccasins
  14 orc warriors
  2 elephant zombies (Lair:6)
  A sky beast (D:6)
  46 wolves
  2 ice beasts
  2 elephant skeletons (Lair:6)
  2 phantoms (D:7)
  A kobold brigand (D:7)
  Blork the orc (D:6)
  6 bullfrogs
  2 gnoll sergeants
  5 scorpions
  A cane toad simulacrum (Lair:6)
  8 wights
  4 killer bees (D:8)
  6 howler monkeys
  5 electric eels
  4 lava snakes (Volcano)
  5 hounds
  A jelly (D:8)
  5 orc priests
  A gnoll shaman (D:5)
  Ijyb (D:3)
  3 iguanas
  15 orc wizards
  A boggart simulacrum (D:15)
  Robin (D:4)
  12 gnolls
  3 river rats (Sewer)
  7 adders
  A shadow imp (D:5)
  3 white imps
  A howler monkey simulacrum (D:11)
  2 ufetubi
  5 worms
  2 dart slugs
  40 orcs
  8 endoplasms
  9 giant cockroaches
  12 goblins
  4 hobgoblins
  5 jackals
  12 kobolds
  2 quokkas
  9 ball pythons
  14 bats
  3 frilled lizards
  2 rats
608 creatures vanquished.

Vanquished Creatures (others)
  A tengu conjurer (D:14)
  4 demonic plants (D:13)
  18 fungi
  27 plants
  17 withered plants (Lair:6)
67 creatures vanquished.

Grand Total: 675 creatures vanquished

Notes
Turn   | Place    | Note
-------+----------+-------------------------------------------
     0 | D:1      | YayAnonymity the Gnoll Fighter began the quest for the Orb.
     0 | D:1      | Reached XP level 1. HP: 23/23 MP: 1/1
    35 | D:1      | Found Soudiv's Weapon Shoppe.
    91 | D:1      | Reached XP level 2. HP: 29/29 MP: 2/2
   474 | D:1      | Found a faded altar of an unknown god.
  1128 | D:2      | Reached XP level 3. HP: 22/35 MP: 3/3
  1595 | D:2      | Found a stormy altar of Qazlal.
  1715 | D:3      | Found Bepliota's Assorted Antiques.
  1802 | D:3      | Reached skill level 1 in Invocations
  1849 | D:3      | Noticed Ijyb
  1863 | D:3      | Killed Ijyb
  1864 | D:3      | Reached skill level 1 in Short Blades
  1864 | D:3      | Reached skill level 1 in Long Blades
  1864 | D:3      | Reached skill level 1 in Axes
  1864 | D:3      | Reached skill level 1 in Maces & Flails
  1864 | D:3      | Reached skill level 1 in Staves
  1864 | D:3      | Reached skill level 1 in Slings
  1864 | D:3      | Reached skill level 1 in Bows
  1864 | D:3      | Reached skill level 1 in Crossbows
  1864 | D:3      | Reached skill level 1 in Throwing
  1864 | D:3      | Reached skill level 1 in Dodging
  1864 | D:3      | Reached skill level 1 in Stealth
  1864 | D:3      | Reached skill level 1 in Unarmed Combat
  1864 | D:3      | Reached skill level 1 in Spellcasting
  1864 | D:3      | Reached skill level 1 in Evocations
  1864 | D:3      | Reached XP level 4. HP: 14/41 MP: 5/5
  2598 | D:3      | Reached skill level 1 in Conjurations
  2598 | D:3      | Reached skill level 1 in Hexes
  2598 | D:3      | Reached skill level 1 in Summonings
  2598 | D:3      | Reached skill level 1 in Necromancy
  2598 | D:3      | Reached skill level 1 in Translocations
  2598 | D:3      | Reached skill level 1 in Transmutations
  2598 | D:3      | Reached skill level 1 in Fire Magic
  2598 | D:3      | Reached skill level 1 in Ice Magic
  2598 | D:3      | Reached skill level 1 in Air Magic
  2598 | D:3      | Reached skill level 1 in Earth Magic
  2598 | D:3      | Reached skill level 1 in Poison Magic
  2722 | D:4      | Noticed Robin
  2736 | D:3      | Reached XP level 5. HP: 47/47 MP: 6/6
  2814 | D:4      | Killed Robin
  2994 | D:4      | Found a glowing drain.
  2998 | Sewer    | Entered a sewer
  3616 | Sewer    | Reached XP level 6. HP: 44/53 MP: 8/8
  4448 | D:4      | Noticed Grinder
  4550 | D:4      | Paralysed by Grinder for 2 turns
  4564 | D:4      | Paralysed by Grinder for 4 turns
  4574 | D:4      | Killed Grinder
  4575 | D:4      | Reached skill level 5 in Polearms
  4575 | D:4      | Reached XP level 7. HP: 31/59 MP: 8/10
  5127 | D:5      | Entered Level 5 of the Dungeon
  5871 | D:5      | Found Okkobi Hyej's Antique Armour Boutique.
  5881 | D:5      | Bought a glowing scale mail for 175 gold pieces
  6137 | D:6      | Found Nolyteim's Assorted Antiques.
  6160 | D:6      | Reached XP level 8. HP: 54/67 MP: 12/12
  6431 | D:6      | Found a blossoming altar of Fedhas.
  6431 | D:6      | Found a basalt altar of Yredelemnul.
  6432 | D:6      | Found an ancient bone altar of Kikubaaqudgha.
  6586 | D:6      | Found a staircase to the Ecumenical Temple.
  6635 | Temple   | Entered the Ecumenical Temple
  6755 | Temple   | Became a worshipper of Warmaster Okawaru
  6914 | D:6      | Noticed Blork the orc
  6928 | D:6      | Killed Blork the orc
  7238 | D:6      | Noticed Maggie
  7251 | D:6      | Killed Maggie
  7252 | D:6      | Reached XP level 9. HP: 54/73 MP: 14/14
  7573 | D:7      | Reached * piety under Okawaru
  8190 | D:7      | Reached skill level 5 in Invocations
  8240 | D:7      | Reached ** piety under Okawaru
  8361 | D:8      | Identified the +11 quarterstaff of Resourcefulness {drain,
                  | rElec rPois Dex-2 Stlth+}
  8566 | D:8      | Identified the +0 flail of Slimy Action {vorpal, Contam
                  | rPois rN+ Int+5}
  8584 | D:8      | Noticed a hornet
  8591 | D:8      | Killed a hornet
  8592 | D:8      | Reached XP level 10. HP: 78/80 MP: 17/17
  8696 | D:8      | Noticed a centaur warrior
  8706 | D:8      | Killed a centaur warrior
  8706 | D:8      | Reached *** piety under Okawaru
  8707 | D:8      | Reached skill level 5 in Short Blades
  8707 | D:8      | Reached skill level 5 in Long Blades
  8707 | D:8      | Reached skill level 5 in Axes
  8707 | D:8      | Reached skill level 5 in Maces & Flails
  8707 | D:8      | Reached skill level 5 in Staves
  8707 | D:8      | Reached skill level 5 in Slings
  8707 | D:8      | Reached skill level 5 in Bows
  8707 | D:8      | Reached skill level 5 in Crossbows
  8707 | D:8      | Reached skill level 5 in Throwing
  8707 | D:8      | Reached skill level 5 in Dodging
  8707 | D:8      | Reached skill level 5 in Stealth
  8707 | D:8      | Reached skill level 5 in Unarmed Combat
  8707 | D:8      | Reached skill level 5 in Spellcasting
  8707 | D:8      | Reached skill level 5 in Evocations
  9100 | D:3      | Bought a scroll labelled VIHOLO MICONOK for 28 gold pieces
  9100 | D:3      | Bought a small marble ring for 140 gold pieces
  9418 | D:9      | Noticed Prince Ribbit
  9439 | D:9      | Killed Prince Ribbit
  9997 | D:9      | Noticed a two-headed ogre
 10006 | D:9      | Killed a two-headed ogre
 10110 | D:10     | Entered Level 10 of the Dungeon
 10113 | D:10     | Noticed a kobold demonologist
 10120 | D:10     | Killed a kobold demonologist
 10120 | D:10     | Reached **** piety under Okawaru
 10437 | D:10     | Reached XP level 11. HP: 83/87 MP: 19/19
 10590 | D:10     | Found a staircase to the Lair.
 10665 | D:10     | Reached skill level 5 in Conjurations
 10665 | D:10     | Reached skill level 5 in Hexes
 10665 | D:10     | Reached skill level 5 in Summonings
 10665 | D:10     | Reached skill level 5 in Necromancy
 10665 | D:10     | Reached skill level 5 in Translocations
 10665 | D:10     | Reached skill level 5 in Transmutations
 10665 | D:10     | Reached skill level 5 in Fire Magic
 10665 | D:10     | Reached skill level 5 in Ice Magic
 10665 | D:10     | Reached skill level 5 in Air Magic
 10665 | D:10     | Reached skill level 5 in Earth Magic
 10665 | D:10     | Reached skill level 5 in Poison Magic
 10776 | D:10     | Reached ***** piety under Okawaru
 11205 | D:11     | Identified the +4 helmet of Distant Shores {rF+ Will+
                  | Str-5} (Okawaru gifted it to you on level 11 of the
                  | Dungeon)
 11205 | D:11     | Received a gift from Okawaru
 11206 | D:11     | Found a runed translucent door.
 11277 | D:11     | Noticed a two-headed ogre
 11286 | D:11     | Killed a two-headed ogre
 11613 | D:11     | Noticed xianbchi's ghost (journeyman DrGl)
 11618 | D:11     | Noticed a sea snake
 11622 | D:11     | a sea snake changed into a redback
 11660 | D:11     | Found a frozen archway.
 11666 | IceCv    | Entered an ice cave
 11764 | IceCv    | Noticed a death yak
 11764 | IceCv    | Noticed a death yak
 11781 | IceCv    | Killed a death yak
 11782 | IceCv    | Reached XP level 12. HP: 96/96 MP: 15/22
 11789 | IceCv    | Killed a death yak
 12151 | IceCv    | Noticed a death yak
 12159 | IceCv    | Noticed a frost giant
 12183 | IceCv    | Killed a frost giant
 12208 | IceCv    | Killed a death yak
 12228 | IceCv    | Reached skill level 10 in Fighting
 12228 | IceCv    | Reached skill level 10 in Armour
 12228 | IceCv    | Reached skill level 10 in Shields
 12470 | IceCv    | Identified the +3 crystal plate armour of Niammoih
                  | {*Corrode Fly Slay+3} (Okawaru gifted it to you in an ice
                  | cave)
 12470 | IceCv    | Received a gift from Okawaru
 12540 | IceCv    | Noticed a death yak
 12563 | IceCv    | Killed a death yak
 13039 | D:11     | Got the Guide on Sinister Lightness
 13296 | D:12     | Noticed Maurice
 13329 | D:12     | Killed Maurice
 13428 | D:12     | Reached XP level 13. HP: 66/103 MP: 24/24
 14108 | D:12     | Found a staircase to the Orcish Mines.
 14168 | D:12     | Found a shadowy altar of Dithmenos.
 14274 | D:12     | Found a portal to a secret trove of treasure.
 14557 | D:13     | Received a gift from Okawaru
 15330 | D:13     | Received a gift from Okawaru
 15966 | D:14     | Noticed Snorg
 15989 | D:14     | Killed Snorg
 16191 | D:14     | Reached skill level 10 in Polearms
 16312 | D:14     | Identified a scroll of acquirement
 16313 | D:14     | Acquired a +2 buckler of reflection
 16374 | D:14     | Identified the +7 halberd "Spiderbane" {spect, rElec Will+
                  | Str+6 SInv} (Okawaru gifted it to you on level 14 of the
                  | Dungeon)
 16374 | D:14     | Received a gift from Okawaru
 16375 | D:14     | Reached XP level 14. HP: 113/113 MP: 26/26
 16382 | D:14     | Reached ****** piety under Okawaru
 16662 | D:14     | Found a gate to the Vaults.
 16898 | D:15     | Entered Level 15 of the Dungeon
 16898 | D:15     | Found an iron altar of Okawaru.
 17236 | D:15     | Received a gift from Okawaru
 17237 | D:15     | Reached skill level 10 in Invocations
 17513 | D:15     | Found a staircase to the Depths.
 17578 | D:15     | Found a snail-covered altar of Cheibriados.
 18071 | Lair:1   | Entered Level 1 of the Lair of Beasts
 18568 | Lair:1   | Found a shimmering altar of Xom.
 18891 | Lair:1   | Identified the +4 glaive "Vefoddup" {speed, rC- Dex+6}
 18958 | Lair:2   | Received a gift from Okawaru
 19106 | Lair:2   | Found a sparkling altar of Nemelex Xobeh.
 19106 | Lair:2   | Noticed Nergalle
 19118 | Lair:2   | Killed Nergalle
 19270 | Lair:2   | Noticed Amaemon
 19297 | Lair:2   | Killed Amaemon
 19442 | Lair:2   | Found a dark tunnel.
 19448 | Volcano  | Entered a volcano
 19713 | Volcano  | Found a burning altar of Makhleb.
 19729 | Volcano  | Reached XP level 15. HP: 75/120 MP: 22/28
 19796 | Volcano  | Received a gift from Okawaru
 19935 | Volcano  | Identified the +3 leather armour of Gewug {rPois}
 20649 | Lair:3   | You fall into a shaft and drop 2 floors!
 20689 | Lair:5   | Received a gift from Okawaru
 20793 | Lair:4   | Found a hole to the Spider Nest.
 20921 | Lair:3   | Reached skill level 10 in Short Blades
 20921 | Lair:3   | Reached skill level 10 in Long Blades
 20921 | Lair:3   | Reached skill level 10 in Axes
 20921 | Lair:3   | Reached skill level 10 in Maces & Flails
 20921 | Lair:3   | Reached skill level 10 in Staves
 20921 | Lair:3   | Reached skill level 10 in Slings
 20921 | Lair:3   | Reached skill level 10 in Bows
 20921 | Lair:3   | Reached skill level 10 in Crossbows
 20921 | Lair:3   | Reached skill level 10 in Throwing
 20921 | Lair:3   | Reached skill level 10 in Dodging
 20921 | Lair:3   | Reached skill level 10 in Stealth
 20921 | Lair:3   | Reached skill level 10 in Unarmed Combat
 20921 | Lair:3   | Reached skill level 10 in Spellcasting
 20921 | Lair:3   | Reached skill level 10 in Evocations
 21560 | Lair:4   | Found a staircase to the Swamp.
 22257 | Lair:5   | Found a viscous altar of Jiyva.
 22257 | Lair:5   | Found a staircase to the Slime Pits.
 22797 | Lair:5   | Found a white marble altar of Elyvilon.
 22949 | Lair:6   | Entered Level 6 of the Lair of Beasts
 23107 | Lair:6   | Received a gift from Okawaru
 23306 | Lair:6   | Identified the +4 chain mail "Coddimn" {Str+3 Slay-6}
                  | (Okawaru gifted it to you on level 6 of the Lair of Beasts)
 23306 | Lair:6   | Received a gift from Okawaru
 24210 | Lair:6   | Reached XP level 16. HP: 67/122 MP: 30/30
 24238 | Lair:6   | Slain by a dire elephant simulacrum

Illustrated notes

Levels and vault maps discovered:
D:1:      amcnicky_arrival_double_pillar, layout_basic, basic_ecumenical_altar,
          serial_shops, nicolae_shop_waterfront, hangedman_decor_diamond_cutter
D:2:      layout_loops_corners, basic_altar
D:3:      layout_basic, serial_shops, shop, uniq_ijyb
D:4:      layout_cave_pools, gup_sewer_entry_bowl, hangedman_decor_push,
          uniq_robin, uniq_grinder
D:5:      layout_basic, serial_shops, shop
D:6:      layout_loops_ring, gammafunk_temple_overflow_claw,
          minmay_temple_entry_poolview, serial_shops, nicolae_shop_stone,
          nicolae_underground_beach, uniq_maggie, uniq_blork_the_orc
D:7:      nicolae_cairo_tiling_large, layout_rooms
D:8:      layout_rooms, minmay_microvault
D:9:      layout_gridville, st_stairs_12, uniq_prince_ribbit1
D:10:     layout_irregular_city, minmay_lair_entry_grove
D:11:     layout_cave_pods, serial_ice, serial_ice_k, serial_ice_c,
          serial_ice_a, serial_ice_g, portal_ice_cave_entry_pillars_2,
          ebering_ghost_inner_flame
D:12:     layout_roguey, minmay_orc_entry_guard_dogs,
          nicolae_trove_entry_diagonal,
          nicolae_dithmenos_through_a_glass_darkly, uniq_maurice
D:13:     layout_roguey [special_room_orc], serial_demonic, serial_demonic_e,
          serial_demonic_b, serial_demonic_a, serial_demonic_b
D:14:     layout_loops_ring, david_vaults_5, infiniplex_staircase_zigzag_4,
          uniq_snorg
D:15:     grunt_enter_depths_magical_seal, layout_cave_pools,
          cheibriados_altar_1, minmay_parallelograms, minmay_misc_feat_cross,
          okawaru_trees_1
Temple:   mainiacjoe_temple_bowtie_tessellation
Lair:1:   cheibrodos_lair_river_kwai, layout_gridlike, basic_altar,
          grunt_megastairs_1
Lair:2:   layout_gridlike, basic_altar, enter_volcano_1, disabler_island,
          uniq_nergalle, uniq_amaemon
Lair:3:   layout_hall_layers
Lair:4:   layout_layer_cave, swamp_mist_pool, dummy_spider_entry,
          fungi_pond_lemuel, serial_bayou_shore_a
Lair:5:   layout_cave_shapes, slime_altar_1, basic_altar,
          infiniplex_staircase_pool, grunt_megastairs_3
Lair:6:   due_jungle_book, layout_gridlike, dreamdust_deal_with_the_devil,
          grunt_megastairs_4

Skill      XL: |  1  2  3  4  5  6  7  8  9 10 11 12 13 14 15 |
---------------+----------------------------------------------+-----
Invocations    | 1 2 3 4 5 6 7 8 9 10 11 | 11.5
Short Blades   | 1 2 3 4 5 6 7 8 9 10 | 10.5
Long Blades    | 1 2 3 4 5 6 7 8 9 10 | 10.5
Axes           | 1 2 3 4 5 6 7 8 9 10 | 10.5
Maces & Flails | 1 2 3 4 5 6 7 8 9 10 | 10.5
Staves         | 1 2 3 4 5 6 7 8 9 10 | 10.5
Slings         | 1 2 3 4 5 6 7 8 9 10 | 10.5
Bows           | 1 2 3 4 5 6 7 8 9 10 | 10.5
Crossbows      | 1 2 3 4 5 6 7 8 9 10 | 10.5
Throwing       | 1 2 3 4 5 6 7 8 9 10 | 10.5
Dodging        | 1 2 3 4 5 6 7 8 9 10 | 10.5
Stealth        | 1 2 3 4 5 6 7 8 9 10 | 10.5
Unarmed Combat | 1 2 3 4 5 6 7 8 9 10 | 10.5
Spellcasting   | 1 2 3 4 5 6 7 8 9 10 | 10.5
Evocations     | 1 2 3 4 5 6 7 8 9 10 | 10.5
Conjurations   | 1 2 3 4 5 6 7 8 |  8.9
Hexes          | 1 2 3 4 5 6 7 8 |  8.9
Summonings     | 1 2 3 4 5 6 7 8 |  8.9
Necromancy     | 1 2 3 4 5 6 7 8 |  8.9
Translocations | 1 2 3 4 5 6 7 8 |  8.9
Transmutations | 1 2 3 4 5 6 7 8 |  8.9
Fire Magic     | 1 2 3 4 5 6 7 8 |  8.9
Ice Magic      | 1 2 3 4 5 6 7 8 |  8.9
Air Magic      | 1 2 3 4 5 6 7 8 |  8.9
Earth Magic    | 1 2 3 4 5 6 7 8 |  8.9
Poison Magic   | 1 2 3 4 5 6 7 8 |  8.9
Polearms       | 5 6 7 8 9 10 11 | 11.5
Fighting       | 7 8 9 10 11 12 | 12.3
Armour         | 7 8 9 10 11 12 | 12.3
Shields        | 7 8 9 10 11 12 | 12.3

Action                   |  1- 3 |  4- 6 |  7- 9 | 10-12 | 13-15 | 16-18 || total
-------------------------+-------+-------+-------+-------+-------+-------++-------
Melee: Trident           |   100 |   274 |   312 |       |       |       ||   686
       Bite              |    16 |    12 |    47 |    76 |   232 |    11 ||   394
       Morningstar       |       |       |   131 |   112 |       |       ||   243
       Quarterstaff      |       |       |    16 |   463 |  1447 |    28 ||  1954
       War axe           |       |       |       |       |    10 |       ||    10
       Punch             |       |       |       |       |     1 |       ||     1
 Fire: Triple crossbow   |       |       |       |       |    97 |       ||    97
Throw: Boomerang         |       |       |       |       |     1 |       ||     1
       Dart              |       |       |       |       |    21 |       ||    21
Invok: Heroism           |       |       |       |     6 |    17 |       ||    23
       Finesse           |       |       |       |     3 |    12 |       ||    15
Evoke: Wand              |       |       |     1 |    10 |       |       ||    11
  Use: Scroll            |       |    13 |     2 |     8 |     6 |       ||    29
       Potion            |       |     4 |       |     3 |       |     1 ||     8
Armor: Scale mail        |    21 |   145 |   194 |       |       |       ||   360
       Plate armour      |       |       |    10 |   344 |       |       ||   354
       Crystal plate arm |       |       |       |   151 |  1595 |    31 ||  1777
Dodge: Dodged            |    29 |   117 |   173 |   200 |   316 |     4 ||   839
Block: Buckler           |    12 |    73 |    99 |    47 |       |       ||   231

Table legend: (Time is in decaauts)
 A = Elapsed time spent in this place.
 B = Non-inter-level travel time spent in this place.
 C = Inter-level travel time spent in this place.
 D = Time resting spent in this place.
 E = Time spent auto-exploring this place.
 F = Levels seen in this place.
 G = Mean time per level.
                   A        B        C        D        E       F      G
               +--------+--------+--------+--------+--------+-----+--------+
         Total |  24255 |  22294 |   1961 |   1677 |  13607 |  25 |  970.2 |
       Dungeon |  15472 |  13795 |   1677 |   1033 |   8552 |  15 | 1031.5 |
        Temple |    227 |    197 |     30 |      0 |    181 |   1 |  227.0 |
          Lair |   5383 |   5129 |    254 |     69 |   3664 |   6 |  897.2 |
         Sewer |   1435 |   1435 |      0 |    224 |    773 |   1 | 1435.0 |
      Ice Cave |   1045 |   1045 |      0 |    252 |    320 |   1 | 1045.0 |
       Volcano |    692 |    692 |      0 |     99 |    116 |   1 |  692.0 |
               +--------+--------+--------+--------+--------+-----+--------+

Top non-repeatable levels by time:
     D:6: 1446 daAuts
   Sewer: 1435 daAuts
    D:13: 1342 daAuts
    D:12: 1225 daAuts
  Lair:6: 1178 daAuts
     D:3: 1134 daAuts
     D:4: 1120 daAuts
    D:11: 1072 daAuts
    D:14: 1065 daAuts
    D:10: 1046 daAuts
   IceCv: 1045 daAuts
     D:2: 1023 daAuts
     D:5: 1001 daAuts
  Lair:4: 929 daAuts
    D:15: 926 daAuts
